 Dungeon Crawl Stone Soup version 0.29.1-2-gbd0b4ee654 (webtiles) character file.

Game seed: 13844312533803427847

2389 safid the Skirmisher (level 9, -4/81 HPs)
             Began as a Minotaur Hunter on Nov 17, 2022.
             Shot with a sling bullet by Joseph (8 damage)
             ... on level 7 of the Dungeon.
             The game lasted 00:08:56 (4647 turns).

safid the Skirmisher (Minotaur Hunter)              Turns: 4647, Time: 00:08:57

Health: -4/81      AC: 10    Str: 16    XL:     9   Next: 22%
Magic:  8/8        EV: 16    Int:  6    God:
Gold:   348        SH:  0    Dex: 23    Spells: 8/8 levels left

rFire   + . .      SeeInvis .   a - +0 shortbow
rCold   . . .      Faith    .   (shield currently unavailable)
rNeg    . . .      Spirit   .   c - +0 leather armour
rPois   .          Reflect  .   (helmet restricted)
rElec   .          Harm     .   w - +0 cloak
rCorr   .          Rampage  .   o - +1 pair of gloves "Xuilam" {rF+ Regen+ Dex+5 Stlth+}
Will    .....                   (no boots)
Stlth   +++.......              (no amulet)
HPRegen 1.03/turn               d - +4 ring of protection
MPRegen 0.11/turn               q - +4 ring of evasion

@: mighty, attractive
A: horns 2, retaliatory headbutt
a: no special abilities


You were on level 7 of the Dungeon.
You visited 1 branch of the dungeon, and saw 7 of its levels.

You collected 348 gold pieces.

Inventory:

Hand Weapons
 a - a +0 shortbow (weapon)
Missiles
 x - a throwing net
Armour
 c - a +0 leather armour (worn)
 o - the +1 pair of gloves "Xuilam" (worn) {rF+ Regen+ Dex+5 Stlth+}
   (You found it on level 3 of the Dungeon)

   Dex:       It affects your dexterity (+5).
   rF:        It protects you from fire.
   Regen:     It increases your rate of health regeneration.
   Stlth:     It makes you more stealthy.
 w - a +0 cloak (worn)
Jewellery
 d - a +4 ring of protection (left hand)
 q - a +4 ring of evasion (right hand)
Wands
 v - a wand of roots (5)
 z - a wand of quicksilver (8)
Scrolls
 b - 2 scrolls of immolation
 g - 2 scrolls of blinking
 h - 2 scrolls of fog
 i - a scroll of fear
 k - a scroll of summoning {unknown}
 l - 2 scrolls of teleportation
 m - 2 scrolls of amnesia
 n - 2 scrolls of magic mapping
 u - a scroll of brand weapon {unknown}
 y - a scroll of enchant armour {unknown}
Potions
 e - 4 potions of attraction
 f - 3 potions of might
 j - a potion of resistance {unknown}
 p - a potion of brilliance {unknown}
 r - 2 potions of curing {unknown}
 s - a potion of flight {unknown}
 t - a potion of lignification {unknown}


   Skills:
 - Level 8.0 Fighting
 + Level 12.4 Ranged Weapons
 - Level 2.1 Dodging
 - Level 0.7 Stealth


You had 8 spell levels left.
You didn't know any spells.
Your spell library contained the following spells:

 Spells                   Type           Power      Damage    Failure   Level
 Sandblast                Erth           0%         2d4       52%         1
 Ensorcelled Hibernation  Hex/Ice        0%         N/A       67%         2
 Passwall                 Tmut/Erth      0%         N/A       67%         2
 Poisonous Vapours        Pois/Air       0%         N/A       67%         2
 Stone Arrow              Conj/Erth      0%         3d7       88%         3
 Swiftness                Air            0%         N/A       88%         3
 Corpse Rot               Necr/Pois/Air  0%         N/A       99%         4


Dungeon Overview and Level Annotations

Branches:
Dungeon (7/15)
 Temple: D:4-7

Altars:
Dithmenos
Elyvilon
Gozag
Okawaru
Uskayaw
Wu Jian
The Shining One

Shops:
D:2 (   D:3 [((

Annotations:
D:7 Joseph


Innate Abilities, Weirdness & Mutations

You have a pair of horns on your head.
You reflexively headbutt those who attack you in melee.


Message History

You shoot an arrow.
The arrow closely misses the shadow imp.
The arrow hits Joseph.
Joseph is moderately wounded.
You shoot an arrow. The arrow barely misses the shadow imp.
The arrow barely misses Joseph.
You shoot an arrow. The arrow hits the shadow imp!
The shadow imp is heavily wounded.
You shoot an arrow. The arrow hits the shadow imp.
The shadow imp is severely wounded.
The shadow imp gestures at you. Pain shoots through your body!
You shoot an arrow.
The arrow closely misses the shadow imp.
The arrow barely misses Joseph.
The shadow imp closely misses you.
You shoot an arrow. The arrow hits the shadow imp.
You kill the shadow imp!
Joseph shoots a sling bullet.
The sling bullet hits you! The sling bullet freezes you.
You shoot an arrow. The arrow completely misses Joseph.
Joseph shoots a sling bullet.
The sling bullet hits you! The sling bullet freezes you.
You shoot an arrow.
The arrow hits Joseph but does no damage.
Joseph is moderately wounded.
Joseph shoots a sling bullet.
The sling bullet barely misses you.
You shoot an arrow. The arrow hits Joseph!
Joseph is heavily wounded.
Joseph shoots a sling bullet.
The sling bullet hits you!! The sling bullet freezes you.
* * * LOW HITPOINT WARNING * * *
You are too injured to fight recklessly!
You are too injured to fight recklessly!
Okay, then.
It was a potion of attraction.
You feel attractive to monsters.
Joseph shoots a sling bullet.
The sling bullet hits you!!
* * * LOW HITPOINT WARNING * * *
The sling bullet freezes you!
You die...

.... . ......# ..
......# .## ......#
###### ... ......
#....###
#.###$...###
#.#....#
#.@[##.#@..#
#.####.### #.#.##.#
#@# #........#
#.#....# #.#
#####.##.# #.###..#
#.# #....#..# #.#
#..###.## #.####.##
#.# #....#..##
#.####.# ### #.#
####.##..# #...##.#
..# #.#
####(###.######.##.#
#.#####.###....#
#........##.#
...............#
###..######.#


You could see Joseph.

Vanquished Creatures
  Prince Ribbit (D:6)
  Edmund (D:6)
  A black bear (D:6)
  3 ice beasts
  2 centaurs
  A phantom (D:4)
  A bullfrog (D:7)
  3 necrophages
  A water moccasin zombie (D:4)
  3 scorpions
  A howler monkey (D:6)
  A bullfrog zombie (D:4)
  3 quasits (D:5)
  2 jellies
  2 gnoll boudas
  An orc priest (D:4)
  3 iguanas
  Crazy Yiuf (D:6)
  Terence (D:3)
  4 orc wizards (D:4)
  2 scorpion zombies (D:4)
  3 hound zombies (D:4)
  2 hound skeletons (D:4)
  A howler monkey skeleton (D:4)
  6 gnolls
  12 adders
  4 shadow imps
  3 white imps
  2 ufetubi (D:5)
  4 adder zombies (D:4)
  An adder skeleton (D:4)
  3 worms (D:2)
  9 orcs
  11 ball pythons
  8 bats
  10 endoplasms
  3 giant cockroaches
  4 goblins
  12 hobgoblins
  3 jackals (D:4)
  2 quokkas
  3 frilled lizards
  A jackal skeleton (D:4)
  6 kobolds
  4 rats
155 creatures vanquished.

Vanquished Creatures (others)
  A demonic plant (D:5)
  A withered plant (D:4)
2 creatures vanquished.

Grand Total: 157 creatures vanquished

Notes
Turn   | Place    | Note
-------+----------+-------------------------------------------
     0 | D:1      | safid the Minotaur Hunter began the quest for the Orb.
     0 | D:1      | Reached XP level 1. HP: 18/18 MP: 0/0
    84 | D:1      | Reached XP level 2. HP: 26/26 MP: 1/1
   415 | D:2      | Reached skill level 5 in Ranged Weapons
   415 | D:2      | Reached XP level 3. HP: 31/31 MP: 2/2
   441 | D:2      | Found Atur's Weapon Boutique.
   660 | D:2      | Found a hide-covered altar of Uskayaw.
  1133 | D:2      | Reached XP level 4. HP: 40/40 MP: 3/3
  1433 | D:3      | Identified the +1 pair of gloves "Xuilam" {rF+ Regen+ Dex+5
                  | Stlth+}
  1493 | D:3      | Found Bawa's Weapon Shoppe.
  1657 | D:3      | Found Noushit's Antique Weapon Shoppe.
  1731 | D:3      | Noticed Terence
  1734 | D:3      | Killed Terence
  1735 | D:3      | Reached XP level 5. HP: 47/47 MP: 4/4
  1773 | D:3      | Found Poguyst's Armour Boutique.
  1793 | D:3      | Reached skill level 6 in Ranged Weapons
  1815 | D:3      | Found a faded altar of an unknown god.
  2033 | D:4      | Reached skill level 5 in Fighting
  2056 | D:4      | Reached XP level 6. HP: 56/56 MP: 5/5
  2208 | D:4      | Reached skill level 7 in Ranged Weapons
  2235 | D:4      | Reached XP level 7. HP: 53/64 MP: 6/6
  2532 | D:4      | Found a white marble altar of Elyvilon.
  2698 | D:4      | Found an iron altar of Okawaru.
  2698 | D:4      | Found an opulent altar of Gozag.
  2709 | D:4      | Reached skill level 8 in Ranged Weapons
  2715 | D:4      | Found an ornate altar of the Wu Jian Council.
  2717 | D:4      | Found a glowing golden altar of the Shining One.
  2719 | D:4      | Found a shadowy altar of Dithmenos.
  2923 | D:5      | Entered Level 5 of the Dungeon
  3078 | D:5      | Reached XP level 8. HP: 74/74 MP: 7/7
  3123 | D:5      | Reached skill level 9 in Ranged Weapons
  3424 | D:6      | Reached skill level 10 in Ranged Weapons
  3447 | D:6      | Noticed Prince Ribbit
  3459 | D:6      | Killed Prince Ribbit
  3587 | D:6      | Reached skill level 11 in Ranged Weapons
  3742 | D:6      | Found a runed translucent door.
  3743 | D:6      | Noticed Crazy Yiuf
  3816 | D:6      | Noticed Edmund
  3834 | D:6      | Killed Edmund
  3835 | D:6      | Reached XP level 9. HP: 62/81 MP: 8/8
  3898 | D:6      | Killed Crazy Yiuf
  4088 | D:6      | Reached skill level 12 in Ranged Weapons
  4435 | D:7      | Noticed Joseph
  4647 | D:7      | HP: 4/81 [Joseph/sling bullet (19)]
  4647 | D:7      | Shot with a sling bullet by Joseph

Illustrated notes

Levels and vault maps discovered:
D:1:      minmay_arrival_up_and_down, layout_rooms
D:2:      layout_loops_corners, basic_altar, serial_shops,
          nicolae_shop_bloodbath_and_beyond, chequers_avenue, minmay_unequal
D:3:      layout_basic, chequers_ecumenical_altar_island, serial_shops, shop,
          nicolae_shop_waterfront, nicolae_shop_waterfront, uniq_terence
D:4:      layout_loops_ring, mainiacjoe_overflow_tiny_flanked,
          chequers_temple_overflow_minitemple, serial_undead, serial_undead_a,
          serial_undead_c, serial_undead_d, serial_undead_b, serial_undead_d,
          serial_undead_d, minivault_26, minmay_misc_feat_pillars
D:5:      layout_cave_pools, serial_demonic, serial_demonic_c, serial_demonic_b,
          serial_demonic_b, serial_demonic_g, serial_demonic_a,
          serial_demonic_c, serial_demonic_f
D:6:      layout_loops_ring, dk_rats_in_the_wall, uniq_prince_ribbit1,
          uniq_edmund, uniq_crazy_yiuf_cottage
D:7:      layout_basic, grunt_temple_overflow_champion_of_chaos,
          grunt_temple_overflow_magic_moments, minmay_temple_entry_from_below_a,
          kennysheep_small_square, uniq_joseph

Skill      XL: |  1  2  3  4  5  6  7  8  9 |
---------------+----------------------------+-----
Fighting       | 3 4 5 6 8 |  8.0
Ranged Weapons | 5 6 7 8 11 12 | 12.4
Dodging        | |  2.1
Stealth        | |  0.7

Action                   |  1- 3 |  4- 6 |  7- 9 || total
-------------------------+-------+-------+-------++-------
Melee: Shortbow          |       |     1 |       ||     1
 Fire: Shortbow          |    94 |   162 |   314 ||   570
  Use: Scroll            |       |       |     7 ||     7
       Potion            |       |       |     2 ||     2
Armor: Leather armour    |     9 |    41 |    42 ||    92
Dodge: Dodged            |    11 |    45 |   142 ||   198
